[Event "Klatovy Open-B 2024"]
[Site "Klatovy"]
[Date "2024.06.30"]
[Round "2.14"]
[White "Kasik, Denis"]
[Black "Kusova, Nikola"]
[Result "1-0"]
[ECO "C42"]
[WhiteElo "1596"]
[BlackElo "1696"]
[Annotator "NA RC"]
[PlyCount "59"]
[EventDate "2024.06.21"]
[EventType "swiss"]
[EventCountry "CZE"]
[SourceTitle "playchess.com"]
[Source "ChessBase"]
[SourceQuality "1"]
[TimeControl "40/7200:0"]

1. e4 e5 2. Nf3 Nf6 3. Nc3 Bb4 4. d3 O-O 5. a3 Bxc3+ 6. bxc3 Nc6 7. Bg5 h6 8. Bh4 d6 9. h3 Be6 10. Be2 Qe7 11. O-O Rad8 12. c4 Nd4 13. c3 Nxf3+ 14. Bxf3 c6 15. Bg4 d5 16. Bxe6 Qxe6 17. cxd5 cxd5 18. exd5 Rxd5 19. Re1 Qd6 20. Re3 Rd8 21. Bxf6 Qxf6 22. Qe2 Qd6 23. c4 Rxd3 24. Rxe5 Rxa3 25. Re8+ Kh7 26. Qe4+ Qg6 27. Rxa3 f5 28. Qxb7 Rd1+ 29. Kh2 Qd6+ 30. Rg3 1-0

[Event "Klatovy Open-B 2024"]
[Site "Klatovy"]
[Date "2024.07.01"]
[Round "3.1"]
[White "Bukvaj, Martin"]
[Black "Kaderabek, Jiri"]
[Result "0-1"]
[ECO "B44"]
[WhiteElo "1687"]
[BlackElo "1984"]
[Annotator "TA"]
[PlyCount "88"]
[EventDate "2024.06.21"]
[EventType "swiss"]
[EventCountry "CZE"]
[SourceTitle "playchess.com"]
[Source "ChessBase"]
[SourceQuality "1"]
[TimeControl "40/7200:0"]

1. e4 c5 2. Nf3 e6 3. d4 cxd4 4. Nxd4 Nc6 5. Be2 Bc5 6. Nb3 Be7 7. Nc3 Nf6 8. Be3 {[%emt 0:02:52] The position is equal.} O-O 9. O-O Qc7 10. f4 d6 11. g4 d5 12. exd5 Nxd5 13. Nxd5 exd5 14. c3 Rd8 15. Qe1 Re8 16. Qf2 Bf8 {[%emt 0:12:29] [#] ...Qe7 would now be deadly.} 17. Rad1 Qe7 18. Rd3 b6 19. Nd4 (19. Re1 $11) 19... Nxd4 $17 {[%emt 0:02:29] White is on the road to losing.} 20. cxd4 Ba6 $36 {[%emt 0:01:18][%mdl 2048] Black is in control.} 21. Rc3 Bxe2 22. Qxe2 Qh4 23. Qf3 Re4 24. Qg3 Qe7 {[%emt 0:03:13] Black is more active.} 25. Rf3 Qd7 26. Bf2 (26. g5 $17) 26... Bd6 27. Rce3 (27. h4 {keeps fighting.}) 27... g5 $19 ({Resist} 27... Rxd4 28. Rd3 Rxd3 29. Rxd3 $19) 28. Rxe4 (28. Qg2 Bxf4 (28... Rxf4 $2 29. Rxf4 Bxf4 30. Re2 $19) 29. Re1) 28... dxe4 29. Rc3 gxf4 30. Qh4 Be7 {[%emt 0:04:25] Against Qg5+} 31. Qh6 Qxg4+ 32. Kh1 e3 (32... f3 $142 33. Bg3 Bg5) 33. Bxe3 fxe3 (33... Bg5 $142 34. Bxf4 Qd1+ (34... Bxh6 $2 35. Rg3 $19) (34... Bxf4 $2 35. Qh3 $19) 35. Kg2 Bxh6) 34. Qxe3 Bd6 35. h3 Qe6 36. Qg5+ Qg6 37. Qe3 Kf8 38. Rc1 Re8 39. Qf2 Qh5 40. Qg2 Qe2 {[%emt 0:01:11] [#] Threatens to win with ...Qd3.} 41. Qxe2 Rxe2 42. Rc8+ Ke7 43. Rh8 Rxb2 44. Rxh7 Rxa2 {[%emt 0:00:00] Weighted Error Value: White=1.18/Black=0.64.  Mistake:       	White=4     	---        Inaccurate:     	White=6     	Black=3      OK:         	White=4     	Black=13     Best:        	---       	Black=3} 0-1

[Event "Klatovy Open-B 2024"]
[Site "Klatovy"]
[Date "2024.07.01"]
[Round "3.2"]
[White "Koupil, Stepan"]
[Black "Masek, Jan"]
[Result "1-0"]
[ECO "C45"]
[WhiteElo "1685"]
[BlackElo "1839"]
[Annotator "NA RC"]
[PlyCount "21"]
[EventDate "2024.06.21"]
[EventType "swiss"]
[EventCountry "CZE"]
[SourceTitle "playchess.com"]
[Source "ChessBase"]
[SourceQuality "1"]
[TimeControl "40/7200:0"]

1. e4 e5 2. Nf3 Nc6 3. d4 exd4 4. Nxd4 Nxd4 5. Qxd4 Qf6 6. Be3 b6 7. e5 Qc6 8. Bc4 Bb7 9. Nc3 Qxg2 10. O-O-O Bc5 11. Qxd7+ 1-0

[Event "Klatovy Open-B 2024"]
[Site "Klatovy"]
[Date "2024.07.01"]
[Round "3.3"]
[White "Chmelik, Ladislav"]
[Black "Trejbal, Jindrich"]
[Result "1-0"]
[ECO "A21"]
[WhiteElo "1795"]
[BlackElo "1953"]
[Annotator "TA"]
[PlyCount "103"]
[EventDate "2024.06.21"]
[EventType "swiss"]
[EventCountry "CZE"]
[SourceTitle "playchess.com"]
[Source "ChessBase"]
[SourceQuality "1"]
[TimeControl "40/7200:0"]

1. c4 e5 2. Nc3 Bb4 3. a3 Bxc3 4. dxc3 f5 5. e4 Nf6 (5... d6 $11) 6. exf5 $16 {[%emt 0:01:55] White is more active.} d6 7. g4 O-O ({Better is} 7... Qe7) 8. Bg2 {[%emt 0:00:37] White is clearly better.} Nc6 9. h3 h5 (9... Qe8 $16 {was necessary.} 10. Ne2 Kh8) 10. g5 ({Weaker is} 10. gxh5 Bxf5 11. Ne2 Qd7 $11 (11... Nxh5 12. Bd5+ Kh8 13. Nd4 $11)) 10... Nh7 11. Bd5+ ({Resist} 11. Qxh5 Rxf5 12. Bd5+ Kh8 $18) 11... Kh8 12. Qxh5 {[%emt 0:00:06] [#] White threatens g6 and mate.} Bxf5 (12... Rxf5 13. Nf3 Ne7) 13. g6 $18 Bxg6 14. Qxg6 Ne7 15. Qd3 Nxd5 16. cxd5 Qh4 17. Be3 Ng5 18. O-O-O Rf6 19. Ne2 Nf3 20. Ng3 Raf8 21. Ne4 ({Not} 21. Bxa7 b6 22. Ne4 Rf4 $18) 21... R6f7 22. Nd2 g5 23. Nxf3 Rxf3 24. Qg6 R3f5 25. Rhg1 R8f6 26. Bxg5 Rxg6 27. Bxh4 Rh6 28. Rg4 Rf4 29. Rxf4 exf4 {[%emt 0:00:00][%mdl 4096] Endgame. KRB-KR} 30. Bg5 Rxh3 31. Bxf4 Rf3 32. Bg3 Kg7 33. Re1 Rf7 34. Bh4 {[%emt 0:01:06] Strongly threatening Re7.} Kg6 35. Re7 Rf4 36. Bg3 Rc4 37. Kc2 b5 38. Kd3 Rc5 39. Kd4 Rc4+ {[%emt 0:00:00] [#]} 40. Ke3 $1 Kf6 41. Re4 {[%emt 2:00:37] Rxc4 would kill now.} Rc5 42. Rd4 b4 43. axb4 Rb5 44. Kd3 a5 45. Kc4 Rb8 46. b5 Rb6 47. Rh4 Kg7 {[%emt 0:00:00] Inhibits Rh7+.} 48. Bf4 {[%emt 0:00:12] Be3 would now be deadly.} Kg6 49. Rh8 {[%emt 0:00:00] White mates.} Kf5 50. Be3 c5 51. dxc6 d5+ 52. Kc5 {[%emt 0:00:00] White took control after the opening.   Weighted Error Value: White=0.17 (very precise) /Black=0.56.  Mistake:       	---       	Black=3      Inaccurate:     	White=1     	Black=2      OK:         	White=9     	Black=7      Best:        	White=1     	Black=1} 1-0

[Event "Klatovy Open-B 2024"]
[Site "Klatovy"]
[Date "2024.07.01"]
[Round "3.4"]
[White "Lickova, Anna"]
[Black "Slansky, Jachym"]
[Result "0-1"]
[ECO "B72"]
[WhiteElo "1725"]
[BlackElo "1665"]
[Annotator "NA RC"]
[PlyCount "82"]
[EventDate "2024.06.21"]
[EventType "swiss"]
[EventCountry "CZE"]
[SourceTitle "playchess.com"]
[Source "ChessBase"]
[SourceQuality "1"]
[TimeControl "40/7200:0"]

1. e4 c5 2. Nf3 d6 3. d4 cxd4 4. Nxd4 Nf6 5. Nc3 g6 6. Be3 Bg7 7. Be2 O-O 8. O-O a6 9. Kh1 b5 10. a3 Bb7 11. Bd3 Nbd7 12. f4 Nc5 13. e5 dxe5 14. fxe5 Nd5 15. Qd2 Bxe5 16. b4 Nxe3 17. Qxe3 Qxd4 18. Qxd4 Bxd4 19. bxc5 Bxc3 20. Rad1 Rfd8 21. Be2 Rd2 22. Rxd2 Bxd2 23. c4 Bc6 24. h3 Be3 25. cxb5 axb5 26. Ra1 b4 27. Bc4 bxa3 28. Ba2 e6 29. Bc4 Bxc5 30. Ba2 Bd5 31. Bxd5 exd5 32. g4 a2 33. g5 Bd4 34. Rxa2 Rxa2 35. h4 Bc3 36. h5 d4 37. h6 d3 38. Kg1 Re2 39. Kf1 Ba5 40. Kg1 d2 41. Kh1 d1=Q# 0-1

[Event "Klatovy Open-B 2024"]
[Site "Klatovy"]
[Date "2024.07.01"]
[Round "3.5"]
[White "Janouskova, Eliska"]
[Black "Svejdar, Pavel"]
[Result "1/2-1/2"]
[ECO "C10"]
[WhiteElo "1670"]
[BlackElo "1721"]
[Annotator "NA RC"]
[PlyCount "53"]
[EventDate "2024.06.21"]
[EventType "swiss"]
[EventCountry "CZE"]
[SourceTitle "playchess.com"]
[Source "ChessBase"]
[SourceQuality "1"]
[TimeControl "40/7200:0"]

1. e4 e6 2. Nf3 d5 3. Nc3 c5 4. exd5 exd5 5. d4 Be6 6. Bb5+ Nc6 7. O-O a6 8. Bxc6+ bxc6 9. Be3 c4 10. Ne5 Qc7 11. h3 Bd6 12. Nf3 Ne7 13. Ne2 Nf5 14. Bd2 a5 15. Re1 O-O 16. Qc1 Bb4 17. c3 Bd6 18. Bf4 a4 19. Bxd6 Qxd6 20. Nf4 Rfe8 21. a3 Bd7 22. Rxe8+ Rxe8 23. Ne5 f6 24. Nxd7 Qxd7 25. Qd2 Kf7 26. Re1 Nd6 27. f3 1/2-1/2

[Event "Klatovy Open-B 2024"]
[Site "Klatovy"]
[Date "2024.07.01"]
[Round "3.6"]
[White "Bukvaj, Jan"]
[Black "Brychta, David"]
[Result "1-0"]
[ECO "A21"]
[WhiteElo "1652"]
[BlackElo "2124"]
[Annotator "TA"]
[PlyCount "95"]
[EventDate "2024.06.21"]
[EventType "swiss"]
[EventCountry "CZE"]
[SourceTitle "playchess.com"]
[Source "ChessBase"]
[SourceQuality "1"]
[TimeControl "40/7200:0"]

1. c4 e5 2. Nc3 Bb4 3. a3 Bxc3 4. bxc3 d6 5. d4 exd4 (5... Nf6 $15) 6. cxd4 $14 Ne7 7. Nf3 f6 8. e3 {[%emt 0:05:12] White is better.} Bg4 9. Be2 O-O 10. h3 Bh5 11. O-O Nbc6 12. Bb2 Bg6 13. d5 Ne5 14. Nd4 Bf7 15. f4 Nd7 16. f5 {[%emt 0:06:40] White is much more active.} Nc5 17. Bd3 Nc8 ({Better is} 17... b5 $14) 18. Ne6 Bxe6 19. fxe6 Qe7 $2 (19... Nxd3 $16 {keeps fighting.} 20. Qxd3 Ne7) 20. Rf3 (20. Bc2 $18 {is more deadly. Black must now prevent Qh5.} g6 21. Qg4) 20... Nb6 21. Qc2 (21. a4 $18) 21... Nxd3 $16 22. Qxd3 Rac8 (22... Na4 $16 {was necessary.}) 23. a4 $18 c6 24. a5 Na8 25. Rff1 cxd5 (25... b6 $142 26. e4 bxa5 27. Rxa5 (27. Ba3 a4 $18) 27... cxd5) 26. cxd5 b6 27. a6 Rc5 28. Ba3 Ra5 29. Bb4 Rxa1 30. Rxa1 Nc7 31. Rc1 {[%emt 0:00:20] [#] And now Qc4 would win.} Rd8 {[%emt 0:00:00] Black is weak on the light squares} 32. Rc6 Ne8 33. Qc4 ({Not} 33. e4 h6 34. Qf3 g6 $18) 33... f5 (33... Rb8 $142 34. Qf4 Rd8) 34. Rc8 h6 (34... Kf8 {was called for.} 35. Rxd8 Qxd8) 35. Rxd8 Qxd8 {[%emt 0:00:00][%mdl 4096] Endgame. KQB-KQN} 36. Qc6 Nf6 {[%emt 0:00:00] Wards off Qd7} 37. Bxd6 (37. Qxd6 Qxd6 38. Bxd6 g6 $11) 37... b5 38. e7 Qe8 39. Qxe8+ (39. Bc5 $142 h5 40. Qxe8+ (40. Bxa7 Qxe7 41. Bd4 Qb4 $18) 40... Nxe8 41. d6 (41. Bxa7 b4 $18) 41... Nxd6 42. Bxd6) 39... Nxe8 {[%emt 0:00:00] KB-KN} 40. Bc5 Kf7 {[%emt 0:00:00] Against d6} 41. Bxa7 b4 (41... Nc7 $142 42. d6 Nxa6) 42. Bd4 {[%emt 0:02:53][%cal Od5d6] [#] White wants to mate with d6!} Kxe7 43. Be5 b3 44. a7 Nc7 45. d6+ {[%emt 0:00:00] White mates.} Ke6 46. dxc7 Kxe5 47. c8=Q b2 48. Qc2 {[%emt 0:00:00] Weighted Error Value: White=0.29 (precise) /Black=0.63.  Loses game:     	---       	Black=1      Missed win:     	White=1     	---        Mistake:       	White=1     	Black=6      Inaccurate:     	White=1     	Black=6      OK:         	White=14    	Black=8      Best:        	---       	Black=4} 1-0

[Event "Klatovy Open-B 2024"]
[Site "Klatovy"]
[Date "2024.07.01"]
[Round "3.7"]
[White "Vojta, Radek"]
[Black "Cervenka, Jakub"]
[Result "1-0"]
[ECO "C29"]
[WhiteElo "1693"]
[BlackElo "1638"]
[Annotator "NA RC"]
[PlyCount "55"]
[EventDate "2024.06.21"]
[EventType "swiss"]
[EventCountry "CZE"]
[SourceTitle "playchess.com"]
[Source "ChessBase"]
[SourceQuality "1"]
[TimeControl "40/7200:0"]

1. e4 e5 2. Nc3 Nf6 3. f4 exf4 4. e5 Ng8 5. Nf3 Ne7 6. d4 Ng6 7. Nd5 d6 8. Nxf4 dxe5 9. Nxg6 hxg6 10. Nxe5 Qh4+ 11. g3 Qe4+ 12. Qe2 Qxe2+ 13. Bxe2 Bf5 14. Bc4 Nc6 15. Bxf7+ Kd8 16. Nxc6+ bxc6 17. Bb3 Be4 18. O-O Be7 19. Rf7 Bf6 20. c3 Bd5 21. Bxd5 cxd5 22. Bf4 g5 23. Be5 Bxe5 24. dxe5 Rg8 25. Raf1 Rc8 26. Rf8+ Rxf8 27. Rxf8+ Kd7 28. e6+ 1-0

[Event "Klatovy Open-B 2024"]
[Site "Klatovy"]
[Date "2024.07.01"]
[Round "3.9"]
[White "Koper, Stefan"]
[Black "Kasik, Denis"]
[Result "1-0"]
[ECO "C21"]
[WhiteElo "1845"]
[BlackElo "1596"]
[Annotator "NA RC"]
[PlyCount "89"]
[EventDate "2024.06.21"]
[EventType "swiss"]
[EventCountry "CZE"]
[SourceTitle "playchess.com"]
[Source "ChessBase"]
[SourceQuality "1"]
[TimeControl "40/7200:0"]

1. d4 d5 2. c4 e5 3. cxd5 Qxd5 4. e3 exd4 5. exd4 Nc6 6. Be3 {[%emt 0:00:00] C21: Danish Gambit.} Nf6 7. Nf3 Bb4+ 8. Nc3 O-O 9. Be2 Re8 10. O-O Bxc3 11. bxc3 Bf5 12. Qb3 Qxb3 13. axb3 Nd5 14. Bb5 Nxe3 15. fxe3 Rxe3 16. Bxc6 bxc6 17. Ne5 Be6 18. Rf3 $17 (18. Nxc6 $15 {was preferrable.} Bd5 (18... Rxc3 19. d5 $15) (18... Bxb3 19. Nxa7 Rd8 20. Nc6 $11) 19. Ra6) 18... Rxf3 19. gxf3 Bxb3 20. Nxc6 Kf8 21. Kf2 Bd5 22. Nxa7 Be6 (22... Ke8 $15 {is more appropriate.}) 23. Ra3 g5 24. Nb5 Rxa3 25. Nxa3 c6 26. Nc2 Ke7 27. Kg3 f5 28. f4 g4 $2 {[%emt 0:01:59] [#]} (28... h6 $11) 29. Ne3 $2 (29. Kh4 $1 $18 ) 29... Kd6 30. c4 Bd7 31. Kh4 Ke6 32. Kg5 h6+ 33. Kxh6 $2 (33. Kg6 $18) 33... Kf6 34. d5 c5 35. Nd1 Bc8 $2 (35... Ba4 $16 36. Ne3 Bb3) 36. Kh7 Kf7 37. Nf2 Kf6 38. Nd3 Ba6 39. Ne5 Bc8 40. Kg8 Ke7 41. Kg7 Ba6 42. Kg6 Bc8 43. Kg5 Kd6 44. Kf6 Kc7 45. Ke7 1-0

[Event "Klatovy Open-B 2024"]
[Site "Klatovy"]
[Date "2024.07.01"]
[Round "3.11"]
[White "Jelinek, Jan"]
[Black "Beran, Jakub"]
[Result "0-1"]
[ECO "B56"]
[WhiteElo "1662"]
[BlackElo "1791"]
[Annotator "NA RC"]
[PlyCount "122"]
[EventDate "2024.06.21"]
[EventType "swiss"]
[EventCountry "CZE"]
[SourceTitle "playchess.com"]
[Source "ChessBase"]
[SourceQuality "1"]
[TimeControl "40/7200:0"]

1. e4 c5 2. Nf3 Nc6 3. Nc3 d6 4. Bb5 Bd7 5. d4 cxd4 6. Nxd4 g6 7. Be3 Bg7 8. O-O Nf6 9. Nxc6 Bxc6 10. Bxc6+ bxc6 11. f4 O-O 12. Qf3 Qa5 13. g4 Rab8 14. Rab1 Nd7 15. e5 dxe5 16. Qxc6 exf4 17. Bxf4 Ne5 18. Qg2 Rbd8 19. Qg3 Nc4 20. Rfe1 Nxb2 21. Be5 Nc4 22. Rb5 Bxe5 23. Rexe5 Qc7 24. Rbc5 Qb6 25. Na4 Qb4 26. Re4 Qxa4 27. Rcxc4 Qxa2 28. Qc3 Qb1+ 29. Kg2 Qb7 30. Kh3 Rc8 31. Qe5 Rxc4 32. Rxc4 Qf3+ 33. Kh4 Qf2+ 34. Qg3 g5+ 35. Kh5 Qf6 36. Qd3 Re8 37. Qf5 Kg7 38. Qxg5+ Qg6+ 39. Qxg6+ hxg6+ 40. Kh4 e5 41. Rc7 Ra8 42. g5 a5 43. Re7 a4 44. Rxe5 a3 45. Re1 a2 46. Ra1 f5 47. gxf6+ Kxf6 48. Kg4 Ke5 49. Kg5 Ra6 50. c3 Kd5 51. h4 Kc4 52. Rxa2 Rxa2 53. Kxg6 Kd5 54. h5 Ke6 55. c4 Rg2+ 56. Kh7 Kf7 57. Kh6 Rc2 58. Kh7 Rxc4 59. Kh6 Rc6+ 60. Kh7 Ra6 61. h6 Rb6 0-1

[Event "Klatovy Open-B 2024"]
[Site "Klatovy"]
[Date "2024.07.01"]
[Round "3.12"]
[White "Rektor, David"]
[Black "Spackova, Martina"]
[Result "0-1"]
[ECO "C28"]
[WhiteElo "1625"]
[BlackElo "1777"]
[Annotator "NA RC"]
[PlyCount "30"]
[EventDate "2024.06.21"]
[EventType "swiss"]
[EventCountry "CZE"]
[SourceTitle "playchess.com"]
[Source "ChessBase"]
[SourceQuality "1"]
[TimeControl "40/7200:0"]

1. e4 e5 2. Nc3 Nf6 3. Bc4 Nc6 4. d3 Na5 5. Nge2 Nxc4 6. dxc4 Bc5 7. O-O a6 8. h3 d6 9. Kh1 Be6 10. b3 Qd7 11. Kh2 Bg4 12. Bg5 Bxe2 13. Qxe2 Bd4 14. Qd3 Bxc3 15. Bxf6 Bxa1 0-1

[Event "Klatovy Open-B 2024"]
[Site "Klatovy"]
[Date "2024.07.01"]
[Round "3.13"]
[White "Babicky, Jan"]
[Black "Tejnor, Martin"]
[Result "1-0"]
[ECO "B25"]
[WhiteElo "1542"]
[BlackElo "1732"]
[Annotator "NA RC"]
[PlyCount "61"]
[EventDate "2024.06.21"]
[EventType "swiss"]
[EventCountry "CZE"]
[SourceTitle "playchess.com"]
[Source "ChessBase"]
[SourceQuality "1"]
[TimeControl "40/7200:0"]

1. e4 c5 2. Nc3 Nc6 3. g3 g6 4. Bg2 Bg7 5. f4 d6 6. Nf3 Nf6 7. O-O O-O 8. d3 a6 9. a4 Qc7 10. h3 b6 11. g4 Bb7 12. f5 Rac8 13. Rb1 Na5 14. g5 Nd7 15. Qe1 Nc6 16. Nd5 Qd8 17. Qh4 c4 18. f6 exf6 19. gxf6 Nxf6 20. Bg5 Nxd5 21. Bxd8 Ne3 22. Bf6 Nxf1 23. Rxf1 cxd3 24. cxd3 Rce8 25. Bxg7 Kxg7 26. Nd2 Re6 27. e5 dxe5 28. Bxc6 Bxc6 29. Ne4 Bxa4 30. Ng5 h5 31. Nxe6+ 1-0

[Event "Klatovy Open-B 2024"]
[Site "Klatovy"]
[Date "2024.07.01"]
[Round "3.14"]
[White "Mojzisova, Barbora"]
[Black "Vavrinkova, Jitka"]
[Result "1/2-1/2"]
[ECO "C01"]
[WhiteElo "1535"]
[BlackElo "1707"]
[Annotator "NA RC"]
[PlyCount "98"]
[EventDate "2024.06.21"]
[EventType "swiss"]
[EventCountry "CZE"]
[SourceTitle "playchess.com"]
[Source "ChessBase"]
[SourceQuality "1"]
[TimeControl "40/7200:0"]

1. e4 e6 2. d4 d5 3. exd5 exd5 4. Nc3 c6 5. Bf4 Nf6 6. Bd3 Bd6 7. Bg3 O-O 8. Nge2 Bg4 9. f3 Be6 10. Qd2 a6 11. Nd1 c5 12. c3 Nc6 13. dxc5 Bxc5 14. Nf2 Re8 15. O-O Qb6 16. Kh1 Be3 17. Qc2 h6 18. Nd1 Bc5 19. Bf2 Bxf2 20. Nxf2 Rac8 21. a3 Ne5 22. Nf4 Nxd3 23. N2xd3 Bf5 24. Qd2 d4 25. Nb4 dxc3 26. bxc3 Red8 27. Nfd5 Nxd5 28. Nxd5 Qc5 29. Rad1 Kf8 30. Qa2 Be6 31. c4 b5 32. Rfe1 Qxc4 33. Qxc4 bxc4 34. Ne3 Rxd1 35. Rxd1 Ke7 36. Kg1 c3 37. Rc1 Rc5 38. Kf2 Bb3 39. Kg3 a5 40. Kf4 c2 41. Ke4 Rc6 42. Kd3 Rd6+ 43. Ke2 Re6 44. Kd3 Rd6+ 45. Ke2 Rd1 46. Nxd1 cxd1=Q+ 47. Rxd1 Bxd1+ 48. Kxd1 Kd6 49. Kd2 a4 1/2-1/2

[Event "Klatovy Open-B 2024"]
[Site "Klatovy"]
[Date "2024.07.02"]
[Round "4.1"]
[White "Kaderabek, Jiri"]
[Black "Koupil, Stepan"]
[Result "1-0"]
[ECO "E06"]
[WhiteElo "1984"]
[BlackElo "1685"]
[Annotator "NA RC"]
[PlyCount "69"]
[EventDate "2024.06.21"]
[EventType "swiss"]
[EventCountry "CZE"]
[SourceTitle "playchess.com"]
[Source "ChessBase"]
[SourceQuality "1"]
[TimeControl "40/7200:0"]

1. Nf3 d5 2. c4 e6 3. g3 Nf6 4. Bg2 Be7 5. O-O O-O 6. Qc2 c5 7. d4 cxd4 8. Nxd4 e5 9. Nf5 Nc6 10. Nxe7+ Nxe7 11. Bg5 Bf5 12. Qa4 Nd7 13. Bxe7 Qxe7 14. cxd5 Nb6 15. Qa3 Qd7 16. Rd1 Bc2 17. Rc1 Rfc8 18. Nc3 Nc4 19. Qb4 a5 20. Qb5 Qxb5 21. Nxb5 Bf5 22. b3 Nb6 23. Nd6 Rxc1+ 24. Rxc1 Bg4 25. Nxb7 Bxe2 26. a4 Kf8 27. d6 Bg4 28. Rc5 Rc8 29. Rxc8+ Nxc8 30. Bc6 Na7 31. Bd5 Ke8 32. Nxa5 f6 33. f3 Bc8 34. b4 Kd7 35. b5 1-0

[Event "Klatovy Open-B 2024"]
[Site "Klatovy"]
[Date "2024.07.02"]
[Round "4.2"]
[White "Slansky, Jachym"]
[Black "Chmelik, Ladislav"]
[Result "1-0"]
[ECO "B01"]
[WhiteElo "1665"]
[BlackElo "1795"]
[Annotator "NA RC"]
[PlyCount "39"]
[EventDate "2024.06.21"]
[EventType "swiss"]
[EventCountry "CZE"]
[SourceTitle "playchess.com"]
[Source "ChessBase"]
[SourceQuality "1"]
[TimeControl "40/7200:0"]

1. e4 d5 2. exd5 Qxd5 3. Nf3 e5 4. Nc3 Qe6 5. b3 Bd6 6. Bc4 Qe7 7. Nd5 Qd8 8. Nxe5 Be6 9. Qe2 Qg5 10. f4 Qh4+ 11. g3 Qd8 12. f5 Qg5 13. fxe6 Qxe5 14. Nxc7+ Bxc7 15. exf7+ Kd7 16. Qxe5 Bxe5 17. f8=Q Bxa1 18. d4 Bxd4 19. Qf5+ Kc7 20. Bf4+ 1-0

[Event "Klatovy Open-B 2024"]
[Site "Klatovy"]
[Date "2024.07.02"]
[Round "4.3"]
[White "Vojta, Radek"]
[Black "Bukvaj, Jan"]
[Result "1-0"]
[ECO "B01"]
[WhiteElo "1693"]
[BlackElo "1652"]
[Annotator "NA RC"]
[PlyCount "113"]
[EventDate "2024.06.21"]
[EventType "swiss"]
[EventCountry "CZE"]
[SourceTitle "playchess.com"]
[Source "ChessBase"]
[SourceQuality "1"]
[TimeControl "40/7200:0"]

1. e4 d5 2. exd5 Nf6 3. Nf3 Nxd5 4. d4 Bf5 5. a3 e6 6. c4 Nf6 7. Nc3 Be7 8. Be2 O-O 9. O-O Nbd7 10. Be3 Nb6 11. Ne5 Ne4 12. Nxe4 Bxe4 13. Rc1 Nd7 14. f4 Nxe5 15. fxe5 Bg5 16. Qd2 Bxe3+ 17. Qxe3 Bg6 18. b4 Qe7 19. d5 exd5 20. cxd5 Rfe8 21. e6 Kh8 22. Bg4 h6 23. Qc5 fxe6 24. dxe6 Qxc5+ 25. Rxc5 Re7 26. Rd5 Be8 27. Rfd1 Bc6 28. Rd8+ Re8 29. Rxa8 Rxa8 30. e7 Re8 31. Re1 g6 32. Bd1 Kg7 33. Bb3 Bd7 34. Rc1 c6 35. b5 Rxe7 36. bxc6 Bxc6 37. Rc3 Re2 38. Rg3 g5 39. h4 Kg6 40. Bc4 Rd2 41. Bd3+ Kh5 42. Bf5 Rd4 43. hxg5 hxg5 44. Rh3+ Rh4 45. g4+ Kh6 46. Re3 Rh1+ 47. Kf2 Rh2+ 48. Kg3 Rg2+ 49. Kh3 Ra2 50. Re7 Rxa3+ 51. Kh2 Ra2+ 52. Kg3 Ra3+ 53. Kf2 Ra2+ 54. Ke3 Ra3+ 55. Kd2 Ra2+ 56. Kc3 Ra3+ 57. Kb2 1-0

[Event "Klatovy Open-B 2024"]
[Site "Klatovy"]
[Date "2024.07.02"]
[Round "4.4"]
[White "Kroulik, Stepan"]
[Black "Koper, Stefan"]
[Result "1/2-1/2"]
[ECO "B06"]
[WhiteElo "1688"]
[BlackElo "1845"]
[Annotator "NA RC"]
[PlyCount "66"]
[EventDate "2024.06.21"]
[EventType "swiss"]
[EventCountry "CZE"]
[SourceTitle "playchess.com"]
[Source "ChessBase"]
[SourceQuality "1"]
[TimeControl "40/7200:0"]

1. e4 d6 2. d4 g6 3. Be3 Bg7 4. Nf3 Bg4 5. h3 Bxf3 6. Qxf3 e6 7. Bd3 c6 8. c3 Ne7 9. Nd2 d5 10. e5 a5 11. h4 h5 12. a4 Nd7 13. c4 Qb6 14. b3 c5 15. dxc5 Nxc5 16. Bxc5 Qxc5 17. Qg3 Qd4 18. O-O Bxe5 19. Qh3 Qg4 20. Rae1 Qxh3 21. gxh3 Bc3 22. Re2 Bxd2 23. Rxd2 dxc4 24. Bxc4 Nf5 25. Bb5+ Kf8 26. Rd7 Rb8 27. Rc1 Kg7 28. Rcc7 Rhf8 29. Bc4 Kf6 30. Rxb7 Rxb7 31. Rxb7 Rc8 32. Ra7 Rc5 33. Bb5 Rc3 1/2-1/2

[Event "Klatovy Open-B 2024"]
[Site "Klatovy"]
[Date "2024.07.02"]
[Round "4.5"]
[White "Beran, Jakub"]
[Black "Svejdar, Petr"]
[Result "1/2-1/2"]
[ECO "C55"]
[WhiteElo "1791"]
[BlackElo "1695"]
[Annotator "NA RC"]
[PlyCount "26"]
[EventDate "2024.06.21"]
[EventType "swiss"]
[EventCountry "CZE"]
[SourceTitle "playchess.com"]
[Source "ChessBase"]
[SourceQuality "1"]
[TimeControl "40/7200:0"]

1. e4 e5 2. Bc4 Nf6 3. Nc3 Nc6 4. Nf3 Bb4 5. d3 d6 6. h3 O-O 7. O-O h6 8. Bd2 Be6 9. Bxe6 fxe6 10. a3 Ba5 11. Ne2 Bxd2 12. Qxd2 d5 13. Ng3 d4 1/2-1/2

[Event "Klatovy Open-B 2024"]
[Site "Klatovy"]
[Date "2024.07.02"]
[Round "4.6"]
[White "Spackova, Martina"]
[Black "Janouskova, Eliska"]
[Result "0-1"]
[ECO "A30"]
[WhiteElo "1777"]
[BlackElo "1670"]
[Annotator "NA RC"]
[PlyCount "64"]
[EventDate "2024.06.21"]
[EventType "swiss"]
[EventCountry "CZE"]
[SourceTitle "playchess.com"]
[Source "ChessBase"]
[SourceQuality "1"]
[TimeControl "40/7200:0"]

1. g3 c5 2. Bg2 Nf6 3. c4 e6 4. e4 d6 5. Nc3 a6 6. Nge2 Be7 7. O-O O-O 8. d4 cxd4 9. Nxd4 Qc7 10. Qe2 Nc6 11. Nxc6 bxc6 12. f4 Nd7 13. g4 Bb7 14. g5 Nb6 15. f5 exf5 16. exf5 Rfe8 17. Qg4 Qd7 18. Qh4 d5 19. f6 Bc5+ 20. Kh1 Nxc4 21. fxg7 Be3 22. Bh3 Re6 23. Bf5 Kxg7 24. Qxh7+ Kf8 25. Qh8+ Ke7 26. Qf6+ Rxf6 27. gxf6+ Kd8 28. Bxd7 Kxd7 29. Bxe3 Nxe3 30. Rfe1 d4 31. Nd1 c5+ 32. Kg1 Rg8+ 0-1

[Event "Klatovy Open-B 2024"]
[Site "Klatovy"]
[Date "2024.07.02"]
[Round "4.8"]
[White "Rezac, Jindrich"]
[Black "Babicky, Jan"]
[Result "1/2-1/2"]
[ECO "D06"]
[WhiteElo "1875"]
[BlackElo "1542"]
[Annotator "NA RC"]
[PlyCount "41"]
[EventDate "2024.06.21"]
[EventType "swiss"]
[EventCountry "CZE"]
[SourceTitle "playchess.com"]
[Source "ChessBase"]
[SourceQuality "1"]
[TimeControl "40/7200:0"]

1. d4 d5 2. c4 Nf6 3. Nc3 Bf5 4. e3 e6 5. Nf3 c5 6. cxd5 exd5 7. Bb5+ Nc6 8. O-O Qb6 9. Qe2 c4 10. Nxd5 Nxd5 11. Bxc6+ Qxc6 12. e4 Bxe4 13. Qxe4+ Qe6 14. Qxe6+ fxe6 15. Re1 O-O-O 16. Rxe6 Bd6 17. Bg5 Kd7 18. Rxd6+ Kxd6 19. Bxd8 Rxd8 20. Ne5 Rc8 21. Kf1 1/2-1/2